 Dungeon Crawl Stone Soup version 0.31-a0-145-g046c7d2549 (webtiles) character file.

Game seed: 3987138517585448244

25237 wayreth the Warrior (level 12, -23/183 HPs)
             Began as a Yellow Draconian Berserker on June 7, 2023.
             Was a High Priest of Trog.
             Annihilated by an orc warlord
             ... wielding a +0 dire flail
              (38 damage)
             ... on level 1 of the Orcish Mines.
             The game lasted 00:43:50 (14191 turns).

wayreth the Warrior (Yellow Draconian Berserker)   Turns: 14191, Time: 00:43:51

Health: -23/183    AC: 13    Str: 34    XL:     12   Next: 87%
Magic:  12/12      EV: 17    Int:  8    God:    Trog [*****.]
Gold:   1135       SH:  5    Dex: 15    Spells: 11/11 levels left

rFire   . . .        p - +10 whip "Riluevufi" {drain, rElec Str+2}
rCold   . . .        (no shield)
rNeg    + . .        (body armour unavailable)
rPois   +            (helmet restricted)
rElec   +            H - +1 cloak {Will+}
rCorr   +            c - +0 pair of gloves
SInv    .            L - +1 pair of boots "Rylol" {rPois rN+}
Will    +++..        e - amulet of reflection Stlth
                     k - ring "Woufuol" {Fly Str+2 Dex+4}
HPRegen 1.50/turn    j - +6 ring of strength
MPRegen 0.13/turn

%: reflection
@: berserking, strong-willed, flying, regenerating, very quick
A: spit acid, AC +8, unfitting armour, cold-blooded, acid resistance, horns 1,
stinger 1, wild magic 1
a: Breathe Acid, Renounce Religion, Berserk, Trog's Hand, Brothers in Arms


You were on level 1 of the Orcish Mines.
You worshipped Trog.
Trog was extremely pleased with you.
You visited 2 branches of the dungeon, and saw 13 of its levels.
You also visited: Gauntlet.

You collected 1447 gold pieces.
You spent 312 gold pieces at shops.

Inventory:

Hand Weapons
 p - the +10 whip "Riluevufi" (weapon) {drain, rElec Str+2}
   (You found it on level 9 of the Dungeon)

   Str:       It affects your strength (+2).
   rElec:     It insulates you from electricity.
 s - a +3 falchion of protection
Missiles
 a - 6 throwing nets (quivered)
Armour
 c - a +0 pair of gloves (worn)
 H - a +1 cloak of willpower (worn)
 L - the +1 pair of boots "Rylol" (worn) {rPois rN+}
   (You found it on level 11 of the Dungeon)

   rPois:     It protects you from poison.
   rN:        It protects you from negative energy.
Jewellery
 d - a +4 ring of slaying
 e - an amulet of reflection (around neck)
 j - a +6 ring of strength (right hand)
 k - the ring "Woufuol" (left hand) {Fly Str+2 Dex+4}
   (You found it on level 4 of the Dungeon)

   [ring of flight]

   Str:       It affects your strength (+2).
   Dex:       It affects your dexterity (+4).
   Fly:       It grants you flight.
 x - a +5 ring of evasion
 z - the amulet "Pyirodis" {*Slow Will+ Regen+ Int+3}
   (You found it in a Gauntlet)

   [amulet of regeneration]

   Int:       It affects your intelligence (+3).
   Regen:     It increases your rate of health regeneration.
   *Slow:     It may slow you when you take damage.
   Will:      It increases your willpower.
 D - the ring "Far Naig" {Fire *Slow Will+++ Str+8 Stlth-}
   (You found it on level 10 of the Dungeon)

   [ring of fire]

   It enhances your fire magic.
   Str:       It affects your strength (+8).
   rF:        It protects you from fire.
   rC:        It makes you vulnerable to cold.
   *Slow:     It may slow you when you take damage.
   Will:      It greatly increases your willpower.
   Stlth:     It makes you less stealthy.
 E - a ring of protection from cold
 F - a ring of flight
Wands
 v - a wand of charming (16)
 w - a wand of flame (8)
 A - a wand of roots (6)
 G - a wand of mindburst (16)
 K - a wand of quicksilver (5)
Scrolls
 b - 9 scrolls of identify
 i - 2 scrolls of magic mapping
 l - 2 scrolls of teleportation
 q - 3 scrolls of poison
 t - 2 scrolls of torment
 y - a scroll of blinking {unknown}
 J - a scroll of brand weapon {unknown}
Potions
 f - a potion of might {unknown}
 g - a potion of resistance {unknown}
 h - 4 potions of berserk rage
 m - 2 potions of cancellation {unknown}
 n - a potion of brilliance
 o - 4 potions of curing
 r - 2 potions of invisibility {unknown}
 u - a potion of heal wounds {unknown}
 B - 2 potions of haste
 C - a potion of ambrosia {unknown}
 I - 2 potions of degeneration {unknown}


   Skills:
 * Level 15.7 Fighting
 - Level 8.0 Long Blades
 - Level 10.0 Maces & Flails
 * Level 10.9 Dodging
 - Level 0.2 Shields


You had 11 spell levels left.
You didn't know any spells.
Your spell library was empty.

Dungeon Overview and Level Annotations

Branches:
Dungeon (11/15)            Temple (0/1) D:4            Lair (0/5) D:8
    Orc (2/2) D:10        Gauntlet (visited)
    Elf: Orc:2

Altars:
Hepliaklqana
Makhleb
Nemelex Xobeh
Qazlal
Ru
Trog
Vehumet
Wu Jian
Xom

Shops:
D:7 =:*?=   D:10 (

Annotations:
Orc:2 Blork the orc


Innate Abilities, Weirdness & Mutations

You can spit globs of acid.
Your golden yellow scales are hard. (AC +8)
You cannot fit into any form of body armour.
You are cold-blooded and may be slowed by cold attacks.
You are resistant to acid. (rCorr)
You have a pair of small horns on your head.
Your tail ends in a venomous barb.
Your spells are a little harder to cast, but a little more powerful.


Message History

The orc knight hits you with a +0 battleaxe!!
* * * LOW HITPOINT WARNING * * *
You completely miss the orc knight. You headbutt the orc knight!
The orc knight is lightly wounded.
You whack the orc knight! You drain the orc knight.
Your tail-slap misses the orc knight.
The orc knight is moderately wounded.
You whack the orc knight!
The orc knight is heavily wounded.
The orc knight hits you with a +0 battleaxe!
* * * LOW HITPOINT WARNING * * *
You block the orc warlord's attack.
You hit the orc knight but do no damage.
The orc knight is heavily wounded.
You whack the orc knight! You drain the orc knight.
The orc knight is severely wounded.
The orc knight barely misses you. The orc warlord completely misses you.
You whack the orc knight!
The orc knight is almost dead.
You whack the orc knight!
You kill the orc knight!
Trog accepts your kill.
The orc warlord hits you with a +0 dire flail!!
* * * LOW HITPOINT WARNING * * *
You thrash the orc warlord!!
The orc warlord is lightly wounded.
You whack the orc warlord! You headbutt the orc warlord!
The orc warlord is moderately wounded.
You whack the orc warlord!
The orc warlord is heavily wounded.
The orc warlord barely misses you.
You whack the orc warlord! You tail-slap the orc warlord.
The orc warlord is poisoned.
The orc warlord is heavily wounded.
You barely miss the orc warlord.
The orc warlord is heavily wounded.
You completely miss the orc warlord.
The orc warlord is heavily wounded.
The orc warlord hits you with a +0 dire flail!!!
You die...

.........###.#..#..............#.
#........##......#...#.....#.####
##........##....##.#..........##
#..^##...##....................##
......#.................##......#
#............#.......#.......#..#
#...........#....................
........#..#...[o.........##.....
#...#.....[....)@).....#.#####...
........#<[.....[.......#.## ##..
...#...#)[[................# ###
.......)).......#.......#.## #
...............#........### #
.#.............##......##.## #
...............#...........# #
.....>....#.......#........# ##
...........#...#.#.........#####.


You could see an orc warlord (strong, poisoned, drained).

Vanquished Creatures
  A fire giant (D:10)
  A minotaur (Gauntlet)
  Snorg (D:11)
  Harold (D:9)
  A death knight (D:9)
  2 two-headed ogres
  3 centaur warriors (D:10)
  A death scarab (Gauntlet)
  A death yak (D:8)
  An orc knight (Orc:1)
  A wizard (D:10)
  Pikel (D:5)
  A deep elf zephyrmancer (D:10)
  An orc sorcerer (Orc:2)
  A manticore (D:11)
  A smoke demon (Gauntlet)
  Maggie (D:6)
  2 unseen horrors
  3 trolls
  Prince Ribbit (D:7)
  A hornet (D:10)
  Sigmund (D:2)
  14 flying skulls (Gauntlet)
  A shadow (D:11)
  A wyvern (D:8)
  10 yaks (D:10)
  A vampire (D:10)
  A wraith (D:11)
  A spectral komodo dragon (Gauntlet)
  Grum (D:9)
  A steam dragon (D:8)
  5 vampire mosquitoes
  Menkaure (D:5)
  4 wargs
  An acid dragon (D:10)
  22 orc warriors
  2 black bears (D:8)
  2 sky beasts (D:7)
  3 ice beasts
  4 ogres
  2 wolves (D:9)
  5 centaurs
  3 lemures (D:4)
  4 phantoms
  3 kobold brigands
  4 bullfrogs
  A gnoll sergeant (D:9)
  3 wights (D:9)
  11 killer bees (D:9)
  7 howler monkeys
  5 crimson imps
  12 orc priests
  2 hounds
  A jelly (D:8)
  4 iguanas
  Terence (D:3)
  22 orc wizards
  Robin (D:3)
  7 gnolls
  8 adders
  A shadow imp (D:6)
  A white imp (D:6)
  An ufetubus (D:6)
  2 worms
  5 dart slugs
  86 orcs
  7 ball pythons
  3 bats (D:2)
  5 endoplasms
  5 giant cockroaches
  15 goblins
  8 hobgoblins
  4 jackals (D:4)
  16 kobolds
  2 quokkas
  3 frilled lizards
  6 rats
379 creatures vanquished.

Vanquished Creatures (others)
  A wizard (D:5)
  A kobold (D:10)
2 creatures vanquished.

Grand Total: 381 creatures vanquished

Notes
Turn   | Place    | Note
-------+----------+-------------------------------------------
     0 | D:1      | wayreth the Draconian Berserker began the quest for the
                  | Orb.
     0 | D:1      | Reached XP level 1. HP: 19/19 MP: 1/1
    52 | D:1      | Reached XP level 2. HP: 22/26 MP: 2/2
   387 | D:1      | Reached XP level 3. HP: 33/33 MP: 3/3
   633 | D:1      | Reached skill level 4 in Fighting
   635 | D:1      | Reached ** piety under Trog
  1046 | D:2      | Noticed Sigmund
  1136 | D:3      | Noticed Robin
  1180 | D:3      | Noticed Terence
  1187 | D:3      | Killed Terence
  1188 | D:3      | Reached XP level 4. HP: 5/41 MP: 4/4
  1590 | D:3      | Killed Robin
  2012 | D:4      | Identified the ring "Woufuol" {Fly Str+2 Dex+4}
  2152 | D:4      | Noticed a phantom
  2176 | D:4      | Killed a phantom
  2177 | D:4      | Reached skill level 5 in Long Blades
  2177 | D:4      | Reached XP level 5. HP: 39/47 MP: 5/5
  2319 | D:4      | Reached *** piety under Trog
  2757 | D:4      | Found a staircase to the Ecumenical Temple.
  2973 | D:5      | Entered Level 5 of the Dungeon
  2979 | D:5      | Reached skill level 5 in Fighting
  2979 | D:5      | Reached XP level 6. HP: 56/56 MP: 6/6
  3037 | D:5      | Noticed Pikel
  3426 | D:5      | Killed Pikel
  3427 | D:5      | Your scales start taking on a golden yellow colour.
  3427 | D:5      | Reached XP level 7. HP: 36/62 MP: 7/7
  3427 | D:5      | Gained mutation: You are resistant to acid. (rCorr) [Yellow
                  | Draconian growth]
  3611 | D:5      | Reached skill level 6 in Fighting
  3759 | D:5      | Found a bloodstained altar of Trog.
  3788 | D:5      | Found a sparkling altar of Nemelex Xobeh.
  3809 | D:5      | Found a sacrificial altar of Ru.
  3980 | D:5      | Gained mutation: Your tail ends in a venomous barb. [potion
                  | of mutation]
  3980 | D:5      | Gained mutation: Your spells are a little harder to cast,
                  | but a little more powerful. [potion of mutation]
  3980 | D:5      | Gained mutation: You have a pair of small horns on your
                  | head. [potion of mutation]
  4491 | D:5      | You are sucked into a shaft and drop 2 floors!
  4492 | D:7      | Found Toalaeloip's Jewellery Boutique.
  4495 | D:7      | Found Ugavaiqui's Book Emporium.
  4557 | D:5      | Reached XP level 8. HP: 71/71 MP: 8/8
  4732 | D:5      | Noticed a wizard
  4734 | D:5      | Killed a wizard
  4773 | D:5      | Reached skill level 7 in Fighting
  5391 | D:2      | Killed Sigmund
  5738 | D:6      | Reached skill level 8 in Fighting
  5821 | D:6      | Noticed Maggie
  5838 | D:6      | Killed Maggie
  6065 | D:6      | Found a hazy altar of Hepliaklqana.
  6153 | D:6      | Noticed Menkaure
  6180 | D:5      | Killed Menkaure
  6181 | D:5      | Reached skill level 9 in Fighting
  6181 | D:5      | Reached skill level 5 in Dodging
  6298 | D:7      | Found Gueriux's Jewellery Shop.
  6310 | D:7      | Reached XP level 9. HP: 83/83 MP: 9/9
  6453 | D:7      | Found an ornate altar of the Wu Jian Council.
  6463 | D:7      | Reached **** piety under Trog
  6471 | D:7      | Found a shimmering altar of Xom.
  6554 | D:7      | Found Eqaumnext's Magic Scroll Shoppe.
  6562 | D:7      | Bought 2 scrolls of poison for 96 gold pieces
  6562 | D:7      | Bought a scroll of torment for 114 gold pieces
  6562 | D:7      | Bought a scroll of noise for 12 gold pieces
  6562 | D:7      | Bought a scroll of enchant weapon for 90 gold pieces
  6672 | D:7      | Found a radiant altar of Vehumet.
  6673 | D:7      | Found a burning altar of Makhleb.
  6698 | D:7      | Reached skill level 10 in Fighting
  6921 | D:7      | Found Yhog's Assorted Antiques.
  6977 | D:7      | Noticed Prince Ribbit
  6995 | D:7      | Killed Prince Ribbit
  7143 | D:8      | Noticed a two-headed ogre
  7152 | D:8      | Killed a two-headed ogre
  7172 | D:8      | Reached XP level 10. HP: 54/94 MP: 10/10
  7401 | D:8      | Reached skill level 11 in Fighting
  7427 | D:8      | Found a staircase to the Lair.
  7427 | D:8      | Noticed a death yak
  7760 | D:8      | Found a stormy altar of Qazlal.
  7816 | D:8      | Killed a death yak
  8177 | D:9      | Identified the +10 whip "Riluevufi" {drain, rElec Str+2}
  8542 | D:9      | Reached skill level 1 in Maces & Flails
  8596 | D:9      | Reached ***** piety under Trog
  8721 | D:9      | Reached skill level 12 in Fighting
  8788 | D:9      | Noticed Grum
  8789 | D:9      | Noticed Harold
  8799 | D:9      | Killed Grum
  8804 | D:9      | Killed Harold
  8939 | D:9      | Reached skill level 5 in Maces & Flails
  9406 | D:10     | Entered Level 10 of the Dungeon
  9427 | D:10     | Reached XP level 11. HP: 101/105 MP: 11/11
  9459 | D:10     | Found Xaoput's Weapon Shop.
  9759 | D:10     | Found a staircase to the Orcish Mines.
 10182 | D:10     | Noticed a centaur warrior
 10182 | D:10     | Noticed a centaur warrior
 10182 | D:10     | Noticed a death knight
 10182 | D:10     | Noticed a centaur warrior
 10182 | D:10     | Noticed a wizard
 10192 | D:10     | Killed a centaur warrior
 10196 | D:10     | Killed a wizard
 10501 | D:9      | Killed a death knight
 10502 | D:9      | Reached skill level 13 in Fighting
 10753 | D:10     | Killed a centaur warrior
 10762 | D:10     | Killed a centaur warrior
 10918 | D:10     | Noticed a deep elf zephyrmancer
 10918 | D:10     | Noticed a fire giant
 10922 | D:10     | Killed a deep elf zephyrmancer
 10929 | D:10     | Killed a fire giant
 11111 | D:10     | Identified the ring "Far Naig" {Fire *Slow Will+++ Str+8
                  | Stlth-}
 11227 | D:11     | Noticed a two-headed ogre
 11235 | D:11     | Killed a two-headed ogre
 11403 | D:11     | Reached skill level 10 in Maces & Flails
 11425 | D:11     | Noticed Snorg
 11438 | D:11     | Killed Snorg
 11439 | D:11     | Reached XP level 12. HP: 106/116 MP: 12/12
 11586 | D:11     | Found a gate leading to a gauntlet.
 11596 | Gauntlet | Entered a Gauntlet
 11596 | Gauntlet | Found a transporter.
 11596 | Gauntlet | Found a transporter.
 11596 | Gauntlet | Found a runed translucent gate.
 11596 | Gauntlet | Found a runed translucent gate.
 11596 | Gauntlet | Found a runed translucent gate.
 11600 | Gauntlet | Found a transporter.
 11609 | Gauntlet | Found a transporter.
 11649 | Gauntlet | Found a transporter.
 11649 | Gauntlet | Found a transporter.
 11661 | Gauntlet | Found a transporter.
 11661 | Gauntlet | Noticed a death scarab
 11664 | Gauntlet | Found a transporter.
 11674 | Gauntlet | Found a transporter.
 11683 | Gauntlet | Killed a death scarab
 11684 | Gauntlet | Reached skill level 14 in Fighting
 11789 | Gauntlet | Noticed an entropy weaver
 11793 | Gauntlet | Found a runed translucent door.
 11793 | Gauntlet | Found a runed translucent door.
 11796 | Gauntlet | Found a transporter.
 11804 | Gauntlet | Found a transporter.
 12050 | Gauntlet | Identified the amulet "Pyirodis" {*Slow Will+ Regen+ Int+3}
 12056 | Gauntlet | Found a transporter.
 12065 | Gauntlet | Noticed a minotaur
 12079 | Gauntlet | Killed a minotaur
 12301 | Gauntlet | Identified the +5 dire flail "Golot" {freeze, rF+}
 12504 | D:11     | Reached skill level 10 in Dodging
 12631 | D:11     | Identified the +1 pair of boots "Rylol" {rPois rN+}
 12776 | D:11     | Reached skill level 15 in Fighting
 12958 | Orc:1    | Entered Level 1 of the Orcish Mines
 13694 | Orc:2    | Entered Level 2 of the Orcish Mines
 13737 | Orc:1    | Received a gift from Trog
 14095 | Orc:2    | Noticed an orc warlord
 14113 | Orc:2    | Noticed Blork the orc
 14191 | Orc:1    | Annihilated by an orc warlord

Illustrated notes

Levels and vault maps discovered:
D:1:      dpeg_arrival_brainrot, layout_basic, minmay_tetromino_l4
D:2:      layout_loops_corners, uniq_sigmund
D:3:      layout_loops_ring, uniq_robin, uniq_terence
D:4:      layout_loops_corners, minmay_temple_entry_antechambers
D:5:      layout_basic, trog_wizard, mainiacjoe_overflow_catwalk_spiral,
          corexii_corridor_pit, uniq_pikel
D:6:      layout_rooms, mainiacjoe_overflow_tiny_flanked, chequers_mini_garden,
          uniq_maggie, uniq_menkaure
D:7:      layout_gridville, grunt_temple_overflow_lords_of_destruction,
          nzn_wu_jian_contemplation, mainiacjoe_overflow_chevrons, serial_shops,
          nicolae_shop_advertising_works [nicolae_subvault_shop_adworks], shop,
          kennysheep_mini_moat, shop, nicolae_shop_tiny_glass, serial_rivers,
          chequers_serial_rivers_micro_d, chequers_serial_rivers_small_a,
          chequers_serial_rivers_micro_c, chequers_serial_rivers_small_a,
          chequers_serial_rivers_small_a, chequers_serial_rivers_micro_c,
          uniq_prince_ribbit1
D:8:      layout_rooms, mainiacjoe_overflow_small_starburst, david_lair_generic
D:9:      layout_roguey [special_room_orc], minmay_misc_feat_doors, uniq_harold,
          uniq_grum
D:10:     minmay_shrinking_squares, layout_basic, david_orc_3, serial_shops,
          shop, kennysheep_crisscross
D:11:     layout_basic, gauntlet_entry_generic, minivault_16, uniq_snorg
Orc:1:    nicolae_orc_accident_2, layout_caves
Orc:2:    grunt_orc_cross, layout_caves

Skill      XL: |  1  2  3  4  5  6  7  8  9 10 11 12 |
---------------+-------------------------------------+-----
Fighting       | 4 5 6 9 10 12 13 15 | 15.7
Long Blades    | 4 5 7 8 |  8.0
Dodging        | 3 5 7 9 10 | 10.9
Maces & Flails | 5 10 | 10.0
Shields        | |  0.2

Action                     |  1- 3 |  4- 6 |  7- 9 | 10-12 || total
---------------------------+-------+-------+-------+-------++-------
  Melee: Falchion          |    66 |   156 |   346 |    81 ||   649
         Tailslap          |     8 |    17 |    50 |   105 ||   180
         Punch             |     2 |     3 |     5 |     5 ||    15
         Headbutt          |       |       |    64 |   151 ||   215
         Whip              |       |       |       |   615 ||   615
 Invoke: Berserk           |       |     3 |     4 |     8 ||    15
         Trog's Hand       |       |       |     5 |     6 ||    11
Ability: Breathe Acid      |       |       |     6 |     7 ||    13
    Use: Potion            |     1 |     4 |     3 |       ||     8
         Scroll            |       |     1 |     4 |     5 ||    10
   Stab: Sleeping          |     1 |     2 |     2 |     2 ||     7
 Armour: Skin              |    28 |    34 |   120 |   209 ||   391
  Dodge: Dodged            |    50 |   108 |   158 |   473 ||   789
  Block: Other             |       |       |    53 |   136 ||   189
         Reflection        |       |       |     2 |     5 ||     7

Table legend: (Time is in decaauts)
 A = Elapsed time spent in this place.
 B = Non-inter-level travel time spent in this place.
 C = Inter-level travel time spent in this place.
 D = Time resting spent in this place.
 E = Time spent auto-exploring this place.
 F = Levels seen in this place.
 G = Mean time per level.
                   A        B        C        D        E       F      G
               +--------+--------+--------+--------+--------+-----+--------+
         Total |  14106 |  13578 |    528 |   3495 |   7455 |  14 | 1007.6 |
       Dungeon |  12460 |  11951 |    509 |   2883 |   6833 |  11 | 1132.7 |
  Orcish Mines |    918 |    900 |     18 |    127 |    541 |   2 |  459.0 |
      Gauntlet |    727 |    727 |      0 |    484 |     81 |   1 |  727.0 |
               +--------+--------+--------+--------+--------+-----+--------+

Top non-repeatable levels by time:
     D:9: 1814 daAuts
     D:5: 1600 daAuts
    D:10: 1543 daAuts
     D:4: 1460 daAuts
     D:8: 1082 daAuts
     D:2: 1024 daAuts
    D:11: 959 daAuts
     D:1: 916 daAuts
     D:7: 775 daAuts
Gauntlet: 727 daAuts
     D:3: 711 daAuts
   Orc:1: 631 daAuts
     D:6: 570 daAuts
   Orc:2: 287 daAuts
